 Dungeon Crawl Stone Soup version 0.30-a0-341-g682706514a (webtiles) character file.

Game seed: 4578157631388116656

21 Muataran the Trooper (level 2, -2/27 HPs)
             Began as a Hill Orc Fighter on Nov 1, 2022.
             Succumbed to an orc's poison
             ... on level 3 of the Dungeon.
             The game lasted 00:00:44 (189 turns).

Muataran the Trooper (Hill Orc Fighter)              Turns: 189, Time: 00:00:45

Health: -2/27      AC:  6    Str: 18    XL:     2   Next: 87%
Magic:  2/2        EV:  9    Int:  8    God:
Gold:   14         SH:  4    Dex: 10    Spells: 1/1 levels left

rFire   . . .      SeeInvis .    a - +0 war axe
rCold   . . .      Faith    .    c - +0 buckler
rNeg    . . .      Spirit   .    b - +0 scale mail
rPois   .          Reflect  .    (no helmet)
rElec   .          Harm     .    (no cloak)
rCorr   .          Rampage  .    (no gloves)
Will    .....                    (no boots)
Stlth   ..........               (no amulet)
HPRegen 0.24/turn                (no ring)
MPRegen 0.08/turn                (no ring)

@: lethally poisoned (-2 -> -11)
A: no striking features
a: no special abilities


You were on level 3 of the Dungeon.
You visited 1 branch of the dungeon, and saw 3 of its levels.

You collected 14 gold pieces.

Inventory:

Hand Weapons
 a - a +0 war axe (weapon)
Armour
 b - a +0 scale mail (worn)
 c - a +0 buckler (worn)
Scrolls
 g - a scroll of teleportation
Potions
 d - a potion of might
 e - a potion of berserk rage {unknown}
 h - a potion of degeneration {unknown}


   Skills:
 + Level 3.9 Fighting
 * Level 3.4 Axes
 + Level 3.5 Armour
 + Level 3.5 Shields


You had one spell level left.
You didn't know any spells.
Your spell library was empty.

Dungeon Overview and Level Annotations

Branches:
Dungeon (3/15)

Altars:


Message History

Found a runed copper wand and a ring mail.
An orc comes into view. It is wielding a +0 flail.
The orc hits you but does no damage.
You are poisoned.
The orc barely misses you.
You closely miss the orc. You slash the orc!
You kill the orc!
You feel very sick. You block the orc's attack.
You closely miss the orc. You hit the orc.
You feel sick.
The orc hits you with a +1 whip of venom.
You are more poisoned.
The orc hits you but does no damage.
You closely miss the orc.
The orc is moderately wounded.
You hit the orc. x2
You feel very sick. The orc closely misses you.
The orc hits you with a +0 vorpal mace. You block the orc's attack.
The orc closely misses you. The orc barely misses you. x2
You barely miss the orc.
The orc is moderately wounded.
You closely miss the orc. You hit the orc.
You feel very sick. The orc hits you but does no damage. x2
You are lethally poisoned!
The orc barely misses you.
You slash the orc!
You kill the orc!
You barely miss the orc. x2
* * * LOW HITPOINT WARNING * * *
You feel very sick. The orc barely misses you. The orc hits you with a +0 whip.
* * * LOW HITPOINT WARNING * * *
You hit the orc.
You kill the orc!
You slash the orc!
You kill the orc!
You hit the orc.
You die...

. ./. ### .
....######...#
.
####.........##
#
...?(.o@.......
#
####..)))....##
#. #.......###
#.# ...........
..##..
###.......###
#.....
#.^......
##...#
####...... #. #
#.[..... #


You could see an orc.

Vanquished Creatures
  A dart slug (D:1)
  4 orcs (D:3)
  A ball python (D:1)
  2 endoplasms (D:1)
  A giant cockroach (D:1)
  A goblin (D:1)
  3 hobgoblins (D:1)
  2 quokkas (D:1)
  A bat (D:1)
16 creatures vanquished.

Notes
Turn   | Place    | Note
-------+----------+-------------------------------------------
     0 | D:1      | Muataran the Hill Orc Fighter began the quest for the Orb.
     0 | D:1      | Reached XP level 1. HP: 19/19 MP: 1/1
    58 | D:1      | Reached XP level 2. HP: 15/27 MP: 2/2
   188 | D:3      | HP: 1/27 [orc/+0 whip (4)]
   189 | D:3      | Succumbed to an orc's poison

Illustrated notes

Levels and vault maps discovered:
D:1:      minmay_arrival_stair_chambers, layout_rooms,
          chequers_ecumenical_altar_island
D:2:      layout_basic, uniq_jessica, uniq_robin
D:3:      cheibrodos_old_hovel, layout_basic

Skill      XL: |  1 |
---------------+----+-----
Axes           | 3 |  3.4
Fighting       | |  3.9
Armour         | |  3.5
Shields        | |  3.5

Action                   || total
-------------------------++-------
Melee: War axe           ||    39
  Use: Scroll            ||     2
Armor: Scale mail        ||    16
Dodge: Dodged            ||    29
Block: Buckler           ||     9

Table legend: (Time is in decaauts)
 A = Elapsed time spent in this place.
 B = Non-inter-level travel time spent in this place.
 C = Inter-level travel time spent in this place.
 D = Time resting spent in this place.
 E = Time spent auto-exploring this place.
 F = Levels seen in this place.
 G = Mean time per level.
                   A        B        C        D        E       F      G
               +--------+--------+--------+--------+--------+-----+--------+
         Total |    203 |    195 |      8 |     45 |     59 |   3 |   67.7 |
       Dungeon |    203 |    195 |      8 |     45 |     59 |   3 |   67.7 |
               +--------+--------+--------+--------+--------+-----+--------+

Top non-repeatable levels by time:
     D:1: 187 daAuts
     D:3: 10 daAuts
     D:2: 4 daAuts
